Map: Ascensão para Aiur LE

Players

CuLpriT

  • Race: Zerg Zerg
  • League: Grandmaster
  • Spawn Location: 11:00

TheZergLord - Winner!

  • Race: Zerg Zerg
  • League: Grandmaster
  • Spawn Location: 5:00

VOD

Have the link to the VOD?

Description

Time

  • Played on: June 13, 2017, 12:59 p.m.
  • Length: 7:08
Show
View Real Time Build Order
Export as new Build Order

CuLpriT Zerg 

Build Orders: Pool First, Zergling Baneling 

Get SALT Encoding   

  12  0:02  Drone  
  13  0:11  Extractor  
  12  0:26  Spawning Pool  
  11  0:29  Drone  
  11  0:35  Drone  
  13  0:40  Drone  
  14  0:51  Overlord  
  14  1:12  Metabolic Boost  
  14  1:14  Zergling x2  
  15  1:20  Queen  
  15  1:25  Zergling x2  
  18  1:32  Zergling x2  
  19  1:42  Zergling x4  
  21  1:47  Zergling x2  
  22  2:03  Baneling Nest  
  22  2:04  Overlord  
  21  2:15  Zergling x2  
  22  2:29  Zergling x2  
  23  2:38  Zergling x8  
  27  2:51  Baneling x2  
  27  2:52  Baneling x2  
  27  3:01  Zergling x4  
  27  3:04  Zergling x2  
  30  3:15  Hatchery  
  27  3:29  Baneling  
  27  3:30  Baneling  
  27  3:32  Zergling x4  
  27  3:33  Zergling x2  
  26  3:55  Drone x3  
  28  3:59  Drone  
  29  4:11  Overlord  
  29  4:26  Baneling x2  
  29  4:38  Zergling x10  
  34  4:40  Zergling x4  
  35  5:06  Drone x4  
  35  5:07  Drone x2  
  41  5:08  Baneling x4  
  41  5:17  Baneling  
  41  5:23  Drone x2  
  41  5:24  Overlord  
  43  5:42  Queen  
  31  6:03  Drone x8  
  31  6:04  Drone  
  37  6:08  Drone  
  38  6:19  Drone x2, Roach Warren  
  38  6:23  Evolution Chamber  
  38  6:32  Extractor  
  37  6:35  Zergling x4  
  39  6:43  Zergling x2  
  39  6:44  Zergling x6  
  43  6:49  Hatchery  
  43  6:52  Drone x2  
Show
View Real Time Build Order
Export as new Build Order

TheZergLord Zerg - Winner!

Build Orders: Hatch First 

Get SALT Encoding   

  12  0:01  Drone  
  13  0:12  Overlord  
  13  0:18  Drone  
  14  0:31  Drone x2  
  14  0:35  Drone  
  17  0:52  Hatchery  
  17  0:55  Drone  
  17  0:59  Drone  
  18  1:10  Extractor  
  17  1:14  Spawning Pool  
  17  1:17  Drone  
  17  1:21  Drone  
  18  1:27  Drone  
  19  1:39  Overlord  
  19  2:00  Queen  
  21  2:01  Zergling x2  
  21  2:02  Zergling x2  
  21  2:04  Queen  
  21  2:05  Drone  
  26  2:11  Metabolic Boost  
  26  2:12  Drone  
  27  2:16  Drone  
  28  2:26  Drone x2  
  30  2:31  Baneling Nest  
  29  2:38  Drone x2  
  31  2:47  Zergling x2  
  33  2:51  Zergling x2  
  33  2:54  Spine Crawler  
  31  2:59  Zergling x4  
  33  3:05  Zergling x2  
  33  3:12  Overlord x2  
  34  3:13  Zergling x2  
  34  3:30  Baneling x2  
  34  3:31  Baneling  
  34  3:32  Zergling x6  
  32  4:04  Hatchery  
  32  4:06  Zergling x4  
  32  4:07  Baneling x2  
  33  4:10  Zergling x2  
  33  4:11  Drone  
  35  4:24  Drone  
  35  4:29  Drone  
  37  4:45  Drone x3  
  39  5:00  Drone  
  38  5:09  Drone x3  
  38  5:13  Extractor  
  40  5:15  Roach Warren  
  40  5:19  Overlord  
  39  5:32  Overlord x2  
  39  5:34  Overlord  
  34  5:58  Roach x3  
  34  5:59  Roach x4  
  48  6:06  Roach x4  
  48  6:09  Roach  
  58  6:12  Roach  
  58  6:18  Roach x3  
  66  6:21  Roach  
  66  6:24  Hatchery  
  67  6:26  Queen  
  69  6:35  Drone x4  
  69  6:36  Drone x2  
  74  6:47  Zergling x8  
  76  6:50  Zergling x2  
  79  6:59  Evolution Chamber  
Tags
 
Add a new tag
Caveats
  • Supply blocks, unpowered buildings, or Contaminate may cause inaccurate times.
  • Supply counts are checked every 10 seconds.